 Dungeon Crawl Stone Soup version 0.31.0-12-g77e489cdc1 (webtiles) character file.

Game seed: 9786836136270157374

297 Silvore the Scratcher (level 6, -2/30 HPs)
             Began as a Felid Shapeshifter on Feb 17, 2024.
             Slain by a gnoll
             ... wielding a +0 halberd
              (6 damage)
             ... on level 4 of the Dungeon on Feb 18, 2024.
             The game lasted 00:04:17 (2547 turns).

Silvore the Scratcher (Felid Shapeshifter)          Turns: 2547, Time: 00:04:18

Health: -2/30      AC:  2    Str: 10    XL:     6   Next: 12%
Magic:  7/7        EV: 18    Int: 14    God:
Gold:   152        SH:  0    Dex: 17    Spells: 5/5 levels left
                                        Lives:  0   Deaths: 2

rFire   . .          .
                       - Unarmed
rCold   . . .        (shield unavailable)
rNeg    . . .        (body armour unavailable)
rPois   .            (helmet unavailable)
rElec   .            (cloak unavailable)
rCorr   .            (gloves unavailable)
SInv    +            (boots unavailable)
Will    .....        (no amulet)
Stlth   +++          (no ring)
HPRegen 0.25/turn    (no ring)
MPRegen 0.10/turn

%: no passive effects
@: lethally poisoned (-2 -> -4), beast-form
A: beast (slay +2), very small, claws 1, fangs 3, see invisible, shaggy fur 2,
stealthy paws, no weapons or thrown items, no armour, multi-lived
a: Begin Untransformation


You were on level 4 of the Dungeon.
You were a hulking beast.
You visited 1 branch of the dungeon, and saw 4 of its levels.

You collected 152 gold pieces.

Inventory:

Jewellery
 f - a ring of protection from fire
Talismans
 b - a beast talisman (active)
 c - a flux talisman
Scrolls
 i - a scroll of teleportation
Potions
 a - 2 potions of lignification
 e - 2 potions of ambrosia
 g - a potion of invisibility
 h - 2 potions of might


   Skills:
 + Level 1.2 Fighting
 + Level 3.6 Dodging
 + Level 3.3 Stealth
 + Level 5.3 Unarmed Combat
 + Level 3.5 Shapeshifting


You had 5 spell levels left.
You didn't know any spells.
Your spell library contained the following spells:

 Spells                   Type           Power      Damage    Failure   Level
 Apportation              Tloc           0%         N/A       28%         1
 Jinxbite                 Hex            0%         N/A       41%         2
 Summon Ice Beast         Ice/Summ       0%         N/A       65%         3
 Alistair's Intoxication  Alch           0%         N/A       100%        5
 Summon Mana Viper        Hex/Summ       0%         N/A       100%        5
 Monstrous Menagerie      Summ           0%         N/A       100%        7


Dungeon Overview and Level Annotations

Branches:
Dungeon (4/15)
 Temple: D:4-7

Altars:
Ashenzari
Sif Muna

Annotations:
D:3 Robin


Innate Abilities, Weirdness & Mutations

You are a hulking beast.
Your limbs bulge with bestial killing power. (Slay +2)
You have sharp claws.
You have razor-sharp teeth.
You have supernaturally acute eyesight. (SInv)
You are covered in thick fur. (AC +2)
Your paws help you pounce on unaware monsters.
You are incapable of wielding weapons or throwing items.
You cannot wear armour.
You gain extra lives every three experience levels.


Message History

You scratch the gnoll.
The gnoll is heavily wounded.
The gnoll misses you. The gnoll attacks as it pursues you!
The gnoll completely misses you. The gnoll attacks as it pursues you!
The gnoll barely misses you. The gnoll attacks as it pursues you!
The gnoll barely misses you.
You completely miss the gnoll.
The gnoll is moderately wounded.
The gnoll barely misses you.
You scratch the gnoll.
The gnoll is severely wounded.
The gnoll closely misses you.
You barely miss the gnoll. You bite the gnoll.
You kill the gnoll!
The gnoll hits you with a +0 halberd! The gnoll barely misses you.
Things that are here:
a +0 hand axe; a gnoll corpse You barely miss the gnoll.
The gnoll barely misses you.
The gnoll hits you with a +2 halberd of venom.
You are poisoned.
You claw the gnoll!
The gnoll is severely wounded.
You feel very sick. The gnoll barely misses you. x2
You claw the gnoll!
You kill the gnoll!
You feel sick. The gnoll misses you.
You feel sick. The gnoll misses you.
The bombardier beetle barely misses you.
Things that are here:
a +2 halberd of venom; a gnoll corpse You feel sick.
The gnoll hits you with a +0 halberd!
* * * LOW HITPOINT WARNING * * *
The bombardier beetle misses you.
You scratch the bombardier beetle but do no damage.
You feel sick. The gnoll completely misses you.
You closely miss the bombardier beetle. You bite the bombardier beetle.
The bombardier beetle is moderately wounded.
You feel sick. The gnoll hits you with a +0 halberd.
You die...

########...####...
#..........
##..†......
###..........
#####.....>......
...........######
........)......##
........g).......
........Bh.......
#######..........
#..........
##..........
#...........
#...........
###...........
#.............
#.............


You could see a bombardier beetle and a gnoll.

Vanquished Creatures
  Sigmund (D:3)
  Crazy Yiuf (D:2)
  3 gnolls (D:4)
  3 adders
  2 ribbon worms (D:2)
  2 dart slugs
  3 ball pythons
  7 bats
  5 endoplasms
  10 goblins
  7 hobgoblins
  A jackal (D:2)
  A kobold (D:3)
  A quokka (D:2)
  6 frilled lizards
  6 rats
59 creatures vanquished.

Notes
Turn   | Place    | Note
-------+----------+-------------------------------------------
     0 | D:1      | Silvore the Felid Shapeshifter began the quest for the Orb.
     0 | D:1      | Reached XP level 1. HP: 10/10 MP: 2/2
   443 | D:1      | Reached skill level 1 in Stealth
   466 | D:1      | Reached XP level 2. HP: 9/14 MP: 3/3
   475 | D:1      | Slain by a kobold
   475 | D:1      | Lost a life (0 lives remaining)
   908 | D:2      | Reached XP level 3. HP: 18/18 MP: 4/4
  1279 | D:2      | Found a runed translucent door.
  1280 | D:2      | Noticed Crazy Yiuf
  1528 | D:2      | Killed Crazy Yiuf
  1529 | D:2      | Reached skill level 4 in Unarmed Combat
  1529 | D:2      | Reached XP level 4. HP: 2/22 MP: 5/5
  1529 | D:2      | Gained a life (1 life remaining)
  1706 | D:3      | Found a broken altar of Ashenzari.
  1738 | D:3      | Noticed Sigmund
  1755 | D:3      | Killed Sigmund
  1756 | D:3      | Reached skill level 5 in Unarmed Combat
  1756 | D:3      | Reached XP level 5. HP: 25/25 MP: 6/6
  1757 | D:3      | Found a shimmering blue altar of Sif Muna.
  1846 | D:3      | Identified the +1 helmet "Ycsatu" {rN+ Dex+2}
  1846 | D:3      | Noticed Robin
  1854 | D:3      | Slain by a goblin
  1854 | D:3      | Lost a life (0 lives remaining)
  2471 | D:4      | Gained mutation: You are covered in thick fur. (AC +2)
                  | [Felid growth]
  2471 | D:4      | Reached XP level 6. HP: 21/30 MP: 7/7
  2547 | D:4      | Slain by a gnoll

Illustrated notes

Levels and vault maps discovered:
D:1:      dpeg_arrival_central, layout_basic, minmay_misc_feat_pillars,
          nrook_mini_vaults, minmay_misc_feat_doors
D:2:      layout_basic, minmay_misc_feat_x, minmay_mini_jars,
          uniq_crazy_yiuf_cottage
D:3:      layout_loops_cross, nicolae_overflow_crystal_walls,
          old_standard_altar, uniq_sigmund, uniq_robin
D:4:      layout_layer_cave, minmay_temple_entry_slanted,
          minmay_hollow_rounded_squares

Skill      XL: |  1  2  3  4  5 |
---------------+----------------+-----
Stealth        | 1 2 3 |  3.3
Shapeshifting  | 3 |  3.5
Dodging        | 3 |  3.6
Unarmed Combat | 4 5 |  5.3
Fighting       | |  1.2

Action                     |  1- 3 |  4- 6 || total
---------------------------+-------+-------++-------
  Melee: Unarmed           |    85 |    55 ||   140
         Bite              |     8 |     3 ||    11
         Punch             |       |     1 ||     1
    Use: Scroll            |     4 |     8 ||    12
   Stab: Sleeping          |     4 |     2 ||     6
 Armour: Skin              |    26 |    19 ||    45
  Dodge: Dodged            |    47 |    56 ||   103
   Form: Beast             |     1 |       ||     1
